 Dungeon Crawl Stone Soup version 0.30.0-30-g96aa6591b8 (webtiles) character file.

Game seed: 18265762048811022706

1071 gelatine the Magician (level 8, 0/56 HPs)
             Began as a Demonspawn Fire Elementalist on June 27, 2023.
             Shot with an arrow by a centaur (1 damage)
             ... on level 5 of the Dungeon.
             The game lasted 00:14:52 (4360 turns).

gelatine the Magician (DsFE)                        Turns: 4360, Time: 00:14:52

Health: 0/56       AC:  7    Str:  9    XL:     8   Next: 7%
Magic:  4/16       EV: 13    Int: 18    God:
Gold:   206        SH:  0    Dex: 14    Spells: 7/17 levels left

rFire   . . .        h - +0 dagger (speed)
rCold   . . .        (no shield)
rNeg    . . .        a - +0 robe
rPois   .            (helmet restricted)
rElec   .            m - +0 cloak
rCorr   .            (no gloves)
SInv    .            B - +0 pair of boots
Will    .....        q - amulet of magic regeneration
Stlth   ++           (no ring)
HPRegen 0.29/turn    (no ring)
MPRegen 0.55/turn

%: no passive effects
@: about to teleport
A: antennae 1, icy blue scales 2, powered by pain 1, spiny 1
a: no special abilities


You were on level 5 of the Dungeon.
You visited 1 branch of the dungeon, and saw 5 of its levels.

You collected 206 gold pieces.

Inventory:

Hand Weapons
 c - a +0 dagger
 h - a +0 dagger of speed (weapon)
 u - a +2 heavy war axe
Missiles
 r - 3 throwing nets
Armour
 a - a +0 robe (worn)
 j - a +0 tower shield
 m - a +0 cloak (worn)
 s - the +4 scale mail of Parts Unknown {Dex+2 Slay+2 Stlth+}
   (You found it on level 3 of the Dungeon)

   Dex:       It affects your dexterity (+2).
   Slay:      It affects your accuracy & damage with ranged weapons and melee
   (+2).
   Stlth:     It makes you more stealthy.
 B - a +0 pair of boots (worn)
Jewellery
 q - an amulet of magic regeneration (around neck)
Wands
 y - a wand of mindburst (13)
Scrolls
 e - a scroll of immolation
 i - a scroll of torment
 k - 2 scrolls of teleportation
 p - 2 scrolls of blinking {unknown}
 t - a scroll of vulnerability {unknown}
 z - a scroll of fear {unknown}
 A - 2 scrolls of enchant armour {unknown}
Potions
 b - a potion of magic
 d - 2 potions of lignification {unknown}
 f - 5 potions of curing {unknown}
 g - a potion of invisibility
 l - a potion of attraction
 n - a potion of brilliance
 o - a potion of resistance
 v - a potion of degeneration {unknown}
 w - 2 potions of flight {unknown}
 x - 2 potions of heal wounds {unknown}
 C - a potion of berserk rage {unknown}
 D - 2 potions of mutation {unknown}


   Skills:
 * Level 2.0 Fighting
 * Level 3.3 Dodging
 + Level 2.4 Stealth
 * Level 5.4 Spellcasting
 * Level 3.0 Conjurations
 * Level 1.6 Translocations
 * Level 5.3 Fire Magic


You had 7 spell levels left.
You knew the following spells:

 Your Spells              Type           Power      Damage    Failure   Level
a - Foxfire               Conj/Fire      76%        2x1d7     2%          1
b - Scorch                Fire           48%        2d7       2%          2
c - Volatile Blastmotes   Fire/Tloc      34%        2d12      9%          3
d - Flame Wave            Conj/Fire      19%        2d7       22%         4

Your spell library contained the following spells:

 Spells                   Type           Power      Damage    Failure   Level
 Inner Flame              Hex/Fire       14%        N/A       13%         3
 Dazzling Flash           Conj/Hex       20%        N/A       21%         3
 Agony                    Necr           4%         N/A       98%         5
 Silence                  Hex/Air        2%         N/A       98%         5


Dungeon Overview and Level Annotations

Branches:
Dungeon (5/15)
 Temple: D:4-7

Altars:
Sif Muna
Wu Jian
Yredelemnul

Shops:
D:4 :


Innate Abilities, Weirdness & Mutations

You have a pair of small antennae on your head.
You are mostly covered in icy blue scales. (AC +3)
You sometimes gain a little power by taking damage.
You are partially covered in sharp spines.


Message History

The gnoll's fire resistance burns away.
The foxfire hits the centaur.
The centaur is moderately wounded.
The centaur shoots an arrow.
The arrow hits you.
The gnoll bouda barks out a call to the hunt!
The gnolls pick up the pace!
The foxfire hits the centaur.
The centaur is heavily wounded.
Casting: Scorch (safe; 2% risk of failure)
Confirm with . or Enter, or press ? or * to list all spells.
Flames lash the gnoll.
The gnoll is burned terribly!
You kill the gnoll!
The centaur shoots an arrow.
The arrow hits you.
Casting: Scorch (safe; 2% risk of failure)
Confirm with . or Enter, or press ? or * to list all spells.
Flames lash the white imp.
The white imp is burned terribly!
The white imp is severely wounded.
The white imp's fire resistance burns away.
You hear a roar!
The centaur shoots an arrow.
The arrow misses you.
Casting: Scorch (safe; 2% risk of failure)
Confirm with . or Enter, or press ? or * to list all spells.
Flames lash the centaur.
The centaur is severely wounded.
The centaur's fire resistance burns away.
The centaur shoots an arrow.
The arrow barely misses you.
A gnoll comes into view. It is wielding a +0 halberd.
The centaur shoots an arrow.
The arrow hits you!
* * * LOW HITPOINT WARNING * * *
An ice beast comes into view.
Casting: Scorch (safe; 2% risk of failure)
Confirm with . or Enter, or press ? or * to list all spells.
Flames lash the white imp.
The white imp is burned terribly!
You kill the white imp!
The centaur shoots an arrow.
The arrow hits you but does no damage.
An acid dragon comes into view.
As you read the scroll of teleportation, it crumbles to dust.
You feel strangely unstable.
The centaur shoots an arrow.
The arrow hits you!
* * * LOW HITPOINT WARNING * * *
The centaur shoots an arrow.
The arrow hits you.
You die...

.. #### #g##...
..Y$... .......
....g.. .....g.##
##### .....c..###...#
...(...@.##...#
.......#.##...# #.#.#
.......#..#..[##....#
D......##.....#.....#
..##### ##....#.....#
. #######....#.....#
...........#.....####
..........†#........#
.............## #


You could see an acid dragon, an ice beast, a centaur (combustible), a gnoll
bouda and 2 gnolls.

Vanquished Creatures
  Prince Ribbit (D:5)
  3 ogres (D:4)
  A centaur (D:4)
  Blork the orc (D:4)
  A scorpion (D:5)
  A centaur zombie (D:4)
  A hound (D:4)
  A sleepcap (D:4)
  An orc wizard (D:3)
  A hound zombie (D:4)
  12 adders
  7 gnolls
  A white imp (D:5)
  An ufetubus (D:4)
  An adder zombie (D:4)
  A worm (D:2)
  5 dart slugs
  6 orcs (D:3)
  4 bats (D:2)
  9 endoplasms
  5 giant cockroaches
  7 goblins
  2 hobgoblins
  2 kobolds
  3 quokkas
  7 ball pythons
  7 frilled lizards
  A quokka zombie (D:4)
  24 rats
117 creatures vanquished.

Vanquished Creatures (others)
  292 foxfires
292 creatures vanquished.

Grand Total: 409 creatures vanquished

Notes
Turn   | Place    | Note
-------+----------+-------------------------------------------
     0 | D:1      | gelatine the Demonspawn Fire Elementalist began the quest
                  | for the Orb.
     0 | D:1      | Reached XP level 1. HP: 13/13 MP: 3/3
   221 | D:1      | Gained mutation: You have a pair of small antennae on your
                  | head. [demonic ancestry]
   221 | D:1      | Reached XP level 2. HP: 16/19 MP: 0/5
   795 | D:1      | Gained mutation: You are partially covered in sharp spines.
                  | [demonic ancestry]
   795 | D:1      | Reached XP level 3. HP: 25/25 MP: 4/7
   868 | D:2      | Learned a level 2 spell: Scorch
   930 | D:2      | Found an ornate altar of the Wu Jian Council.
  1352 | D:2      | Reached XP level 4. HP: 31/31 MP: 2/8
  1596 | D:2      | Learned a level 3 spell: Volatile Blastmotes
  1910 | D:3      | Identified the +4 scale mail of Parts Unknown {Dex+2 Slay+2
                  | Stlth+}
  2286 | D:3      | Gained mutation: You are partially covered in icy blue
                  | scales. (AC +2) [demonic ancestry]
  2286 | D:3      | Reached XP level 5. HP: 36/36 MP: 8/10
  3030 | D:4      | Noticed an ogre
  3033 | D:4      | Killed an ogre
  3034 | D:4      | Reached XP level 6. HP: 42/42 MP: 5/12
  3050 | D:4      | Reached skill level 1 in Fighting
  3050 | D:4      | Noticed Blork the orc
  3056 | D:4      | Killed Blork the orc
  3057 | D:4      | Reached skill level 1 in Translocations
  3201 | D:4      | Gained mutation: You sometimes gain a little power by
                  | taking damage. [demonic ancestry]
  3201 | D:4      | Reached XP level 7. HP: 48/48 MP: 8/14
  3576 | D:4      | Found Tair's Self-Improvement Boutique.
  3797 | D:4      | Found a basalt altar of Yredelemnul.
  4225 | D:5      | Entered Level 5 of the Dungeon
  4239 | D:5      | Reached skill level 5 in Spellcasting
  4239 | D:5      | Reached skill level 5 in Fire Magic
  4245 | D:5      | Learned a level 4 spell: Flame Wave
  4253 | D:5      | Found a shimmering blue altar of Sif Muna.
  4308 | D:5      | Noticed Prince Ribbit
  4315 | D:5      | Killed Prince Ribbit
  4316 | D:5      | Gained mutation: You are mostly covered in icy blue scales.
                  | (AC +3) [demonic ancestry]
  4316 | D:5      | Reached XP level 8. HP: 56/56 MP: 8/15
  4360 | D:5      | HP: 1/56 [centaur/arrow (13)]
  4360 | D:5      | Shot with an arrow by a centaur

Illustrated notes

Levels and vault maps discovered:
D:1:      mrwooster_arrival_statue_3, layout_loops_ring,
          hangedman_abyss_or_decor_stabs
D:2:      layout_basic, basic_altar
D:3:      layout_loops_corners, minmay_rat_hole
D:4:      layout_loops_cross, nicolae_yredelemnul_corpse_copse, serial_rivers,
          chequers_serial_rivers_large_b, chequers_serial_rivers_small_3,
          chequers_serial_rivers_room_b, chequers_serial_rivers_small_3,
          chequers_serial_rivers_large_a, nicolae_shop_self_help,
          uniq_blork_the_orc
D:5:      layout_basic, lemuel_round_altar, mainiacjoe_overflow_chevrons,
          minmay_manual_mail, uniq_eustachio, uniq_menkaure, uniq_prince_ribbit1

Skill      XL: |  1  2  3  4  5  6  7  8 |
---------------+-------------------------+-----
Dodging        | 2 3 |  3.3
Fire Magic     | 3 4 5 |  5.3
Spellcasting   | 3 4 5 |  5.4
Conjurations   | 2 3 |  3.0
Fighting       | 1 2 |  2.0
Translocations | 1 |  1.6
Stealth        | 2 |  2.4

Action                     |  1- 3 |  4- 6 |  7- 9 || total
---------------------------+-------+-------+-------++-------
  Melee: Dagger            |    20 |     4 |       ||    24
   Cast: Foxfire           |    53 |    81 |    51 ||   185
         Scorch            |     3 |    41 |    25 ||    69
    Use: Scroll            |       |     7 |     1 ||     8
 Armour: Robe              |     4 |     4 |     3 ||    11
  Dodge: Dodged            |    14 |     5 |    10 ||    29
